 Dungeon Crawl Stone Soup version 0.25-a0-610-gd0df705f03 (webtiles) character file.

Game seed: 623376077586240101, levelgen mode: deterministic

250338 tilp the Severer (level 19, -2/184 HPs)
             Began as a Hill Orc Monk on Mar 15, 2020.
             Was a High Priest of Beogh.
             Killed from afar by a wizard (13 damage)
             ... with a bolt of lightning
             ... on level 1 of the Vaults on Mar 16, 2020.
             The game lasted 02:17:04 (43906 turns).

tilp the Severer (Hill Orc Monk)                   Turns: 43906, Time: 02:17:05

Health: -2/184     AC: 36    Str: 22    XL:     19   Next: 62%
Magic:  33/33      EV:  7    Int: 15    God:    Beogh [*****.]
Gold:   3186       SH: 18    Dex: 15    Spells: 18/18 levels left

rFire    + + +     SeeInvis .   G - +5 broad axe "Gafetes" {flame, Dex+4}
rCold    + + .     Gourm    .   X - +0 kite shield {rC+}
rNeg     + . .     Faith    .   N - +1 crystal plate armour
rPois    +         Spirit   .   C - +2 helmet
rElec    +         Reflect  +   Y - +1 cloak of Going Fast {Dex+4}
rCorr    +         Harm     .   q - +4 pair of gloves of the Crushed Wishes {rElec rN+ rCorr}
MR       +....                  F - +2 pair of boots
Stlth    ..........             t - amulet "Ciunum" {Reflect rPois Int+5 Dex-2 SH+4}
HPRegen  0.40/turn              U - +3 ring of slaying
MPRegen  0.23/turn              o - ring "Fiaxke" {+Inv rPois rF+++ rC+ Dex-4}

@: no status effects
A: walk on water
}: 2/15 runes: serpentine, barnacled
a: Smiting, Recall Orcish Followers, Give Item to Named Follower, Renounce
Religion, Evoke Invisibility


You were on level 1 of the Vaults.
You worshipped Beogh.
Beogh was extremely pleased with you.
You were not hungry.

You visited 7 branches of the dungeon, and saw 33 of its levels.
You visited the Abyss 1 time.
You also visited: Sewer, Ossuary, Bailey and Gauntlet.

You collected 6225 gold pieces.
You spent 3039 gold pieces at shops.

Inventory:

Hand Weapons
 a - a +0 demon trident of flaming
 D - a +9 executioner's axe of draining
 G - the +5 broad axe "Gafetes" (weapon) {flame, Dex+4}
   (You acquired it on level 13 of the Dungeon)

   It has been specially enchanted to burn those struck by it, causing extra
   injury to most foes and up to half again as much damage against particularly
   susceptible opponents.
   Big, fiery blades are also staple armaments of hydra-hunters.
   It affects your dexterity (+4).
 V - a +3 demon trident of draining
Missiles
 A - 47 silver javelins
 Q - 13 throwing nets
 R - 14 curare-tipped darts (quivered)
Armour
 f - a +0 tower shield
 q - the +4 pair of gloves of the Crushed Wishes (worn) {rElec rN+ rCorr}
   (You found it on level 4 of the Lair of Beasts)

   It insulates you from electricity.
   It protects you from negative energy.
   It provides partial protection from all sources of acid and corrosion.
 C - a +2 helmet (worn)
 F - a +2 pair of boots (worn)
 N - a +1 crystal plate armour (worn)
 X - a +0 kite shield of cold resistance (worn)
 Y - the +1 cloak of Going Fast (worn) {Dex+4}
   (You found it on level 10 of the Dungeon)

   It affects your dexterity (+4).
Jewellery
 j - the ring "Zapnywau" {MR+ Stlth+}
   (You found it in a Gauntlet)

   [ring of stealth]

   It affects your resistance to hostile enchantments.
   It makes you more stealthy.
 o - the ring "Fiaxke" (right hand) {+Inv rPois rF+++ rC+ Dex-4}
   (You found it in a Gauntlet)

   [ring of poison resistance]

   It affects your dexterity (-4).
   It renders you almost immune to fire.
   It protects you from cold.
   It protects you from poison.
   It lets you turn invisible.
 t - the amulet "Ciunum" (around neck) {Reflect rPois Int+5 Dex-2 SH+4}
   (You found it in a Gauntlet)

   [amulet of reflection]

   It shields you and reflects attacks.
   It affects your intelligence (+5).
   It affects your dexterity (-2).
   It protects you from poison.
   It affects your SH (+4).
 v - an uncursed ring of see invisible
 U - a +3 ring of slaying (left hand)
Wands
 i - a wand of enslavement (7)
 u - a wand of iceblast (14)
 H - a wand of paralysis (6)
 S - a wand of digging (10)
 T - a wand of scattershot (14)
 W - a wand of acid (23)
Scrolls
 l - 23 scrolls of teleportation
 p - 5 scrolls of fog
 r - a scroll of silence
 w - 3 scrolls of fear
 y - 7 scrolls of blinking
 B - 3 scrolls of magic mapping
 E - a scroll of enchant weapon
 I - 25 scrolls of remove curse
 K - 12 scrolls of identify
 O - a scroll of holy word
 Z - a scroll of summoning
Potions
 b - 4 potions of ambrosia
 d - 6 potions of might
 e - 5 potions of heal wounds
 g - 14 potions of flight
 h - 14 potions of curing
 k - 2 potions of resistance
 m - 4 potions of stabbing
 n - 6 potions of mutation
 s - a potion of invisibility
 z - 7 potions of cancellation
 J - a potion of berserk rage
 L - 5 potions of haste
Miscellaneous
 x - a phantom mirror
 M - a sack of spiders
Comestibles
 c - 65 rations


   Skills:
 + Level 19.8 Fighting
 - Level 20.0 Axes
 - Level 10.0 Armour
 - Level 6.0 Dodging
 - Level 1.5 Stealth
 - Level 15.0 Shields
 - Level 20.0 Invocations
 - Level 6.0 Evocations


You had 18 spell levels left.
You didn't know any spells.
Your spell library contained the following spells:

 Spells                   Type           Power        Failure   Level  Hunger
 Animate Skeleton         Necr           N/A          100%        1    ##.....
 Corona                   Hex            #......      100%        1    ##.....
 Foxfire                  Conj/Fire      #...         100%        1    ##.....
 Infusion                 Chrm           #...         100%        1    ##.....
 Magic Dart               Conj           #...         100%        1    ##.....
 Pain                     Necr           #...         100%        1    ##.....
 Sandblast                Erth           #.....       100%        1    ##.....
 Shock                    Conj/Air       #...         100%        1    ##.....
 Blink                    Tloc           N/A          100%        2    ###....
 Corpse Rot               Necr/Air       N/A          100%        2    ###....
 Ensorcelled Hibernation  Hex/Ice        #.....       100%        2    ###....
 Passwall                 Tmut/Erth      #.......     100%        2    ###....
 Poisonous Vapours        Pois/Air       #.....       100%        2    ###....
 Searing Ray              Conj           #.....       100%        2    ###....
 Shroud of Golubria       Chrm/Tloc      #.....       100%        2    ###....
 Sublimation of Blood     Necr           #.........   100%        2    ###....
 Swiftness                Chrm/Air       #.......     100%        2    ###....
 Confusing Touch          Hex            #.......     100%        3    ####...
 Conjure Flame            Conj/Fire      #.......     100%        3    ####...
 Dazzling Flash           Conj/Hex       #.....       100%        3    ####...
 Gell's Gravitas          Tloc           #.........   100%        3    ####...
 Ignite Poison            Fire/Tmut/Pois #.......     100%        3    ####...
 Inner Flame              Hex/Fire       #.......     100%        3    ####...
 Lesser Beckoning         Tloc           #.........   100%        3    ####...
 Mephitic Cloud           Conj/Pois/Air  #.......     100%        3    ####...
 Ozocubu's Armour         Chrm/Ice       #.......     100%        3    ####...
 Spectral Weapon          Hex/Chrm       #.......     100%        3    ####...
 Static Discharge         Conj/Air       #.......     100%        3    ####...
 Stone Arrow              Conj/Erth      #.....       100%        3    ####...
 Teleport Other           Tloc           #.......     100%        3    ####...
 Tukima's Dance           Hex            #.......     100%        3    ####...
 Vampiric Draining        Necr           #.........   100%        3    ####...
 Airstrike                Air            #.........   100%        4    #####..
 Animate Dead             Necr           N/A          100%        4    #####..
 Cause Fear               Hex            #.........   100%        4    #####..
 Dispel Undead            Necr           #.......     100%        4    #####..
 Fulminant Prism          Conj/Hex       #.........   100%        4    #####..
 Iskenderun's Mystic Bla  Conj/Tloc      #.......     100%        4    #####..
 Leda's Liquefaction      Hex/Erth       #.........   100%        4    #####..
 Passage of Golubria      Tloc           N/A          100%        4    #####..
 Petrify                  Tmut/Erth      #.......     100%        4    #####..
 Sticky Flame             Conj/Fire      #.......     100%        4    #####..
 Agony                    Necr           #.......     100%        5    ######.
 Bolt of Magma            Conj/Fire/Erth #.........   100%        5    ######.
 Excruciating Wounds      Chrm/Necr      #.........   100%        5    ######.
 Fireball                 Conj/Fire      #.........   100%        5    ######.
 Iskenderun's Battlesphe  Conj/Chrm      #.......     100%        5    ######.
 Lee's Rapid Deconstruct  Erth           #.........   100%        5    ######.
 Lightning Bolt           Conj/Air       #.........   100%        5    ######.
 Yara's Violent Unravell  Hex/Tmut       #.........   100%        5    ######.
 Darkness                 Hex            #.........   100%        6    #######
 Deflect Missiles         Chrm/Air       #.........   100%        6    #######
 Freezing Cloud           Conj/Ice/Air   #.........   100%        6    #######
 Invisibility             Hex            #.......     100%        6    #######
 Iron Shot                Conj/Erth      #.........   100%        6    #######
 Starburst                Conj/Fire      #.........   100%        6    #######
 Statue Form              Tmut/Erth      #........    100%        6    #######
 Malign Gateway           Summ/Tloc      #.........   100%        7    #######
 Ring of Flames           Chrm/Fire      #.........   100%        7    #######
 Ignition                 Fire           #.........   100%        8    #######
 Dragon's Call            Summ           #.........   100%        9    #######
 Shatter                  Erth           #.........   100%        9    #######


Dungeon Overview and Level Annotations

Branches:
Dungeon (15/15)            Temple (0/1) D:6            Lair (6/6) D:9
 Shoals (4/4) Lair:4        Snake (4/4) Lair:2        Slime (0/5) Lair:6
    Orc (2/2) D:10            Elf (1/3) Orc:2        Vaults (1/5) D:14
 Depths (0/5) D:15          Sewer (visited)         Ossuary (visited)
 Bailey (visited)         Gauntlet (visited)

Altars:
Cheibriados
Dithmenos
Elyvilon
Fedhas
Gozag
Hepliaklqana
Makhleb
Nemelex Xobeh
Okawaru
Qazlal
Trog
Uskayaw
Wu Jian
Yredelemnul
Zin
The Shining One
Beogh
Jiyva

Shops:
D:10 !   Orc:2 (}:[[(%:?   Shoals:3 (   Snake:1 [==}   Snake:2 [%?

Annotations:
D:3 2 runed translucent doors, EtherCrawl's ghost, amateur SpBe
D:13 2 transporters, Rotter5's ghost, journeyman MfIE
Lair:2 exclusion: 2 oklob plants
Shoals:1 exclusion: oklob plant
Elf:1 25 runed doors


Message History

There is an open door, spattered with blood here.
Things that are here:
a +0 giant club; an ogre skeleton You swap places.
You hear a shout!
You block the ogre's attack. The wizard casts a spell at you.
The stone arrow hits you!!
* * * LOW HITPOINT WARNING * * *
Items here: ))) [[ รทรทรท You swap places.
The two-headed ogre hits your orc knight with a +0 giant club!!
The two-headed ogre hits your orc knight with a +0 giant spiked club!!
Your orc knight dies!
The wizard casts a spell at you.
The bolt of lightning hits the ogre!!
The bolt of lightning hits you. You resist.
* * * LOW HITPOINT WARNING * * *
The bolt of lightning hits you! You resist.
You die...

.. ..#....# #.# O###.#....#
#.# ....#....# #.# .p.#....#
#.# ..#....# #.# ###.#o...#
#.# #..O#o...# #.# #..O@oo..#
###.# .....OO)#o...#
....#############....########
#.......o....oo..o...'.......
##############.......#.......
#.......#.......
#.......#.......
#.......#.......
#.......#.......


You could see 2 two-headed ogres, a wizard, 3 ogres, the friendly Bogrim the orc
warlord, the friendly Brunolf the orc warlord, 3 friendly orc knights and the
friendly Ogrik the orc knight.

Vanquished Creatures
  A bone dragon (Abyss:2)
  Jorgrun (D:13)
  An Executioner (Abyss:2)
  A kraken (Shoals:2)
  Kirke (Shoals:1)
  5 nagarajas
  A fire giant (D:15)
  Louise (Shoals:1)
  An orc warlord (Bailey)
  A very ugly thing (Abyss:2)
  A deep elf demonologist (Elf:1)
  A deep elf annihilator (Elf:1)
  A dire elephant (Lair:6)
  Azrael (D:13)
  A minotaur (Gauntlet)
  A blizzard demon (Abyss:2)
  3 merfolk javelineers (Shoals:4)
  8 merfolk impalers
  A fire dragon (D:15)
  An ogre mage (Vaults:1)
  2 yaktaur captains
  5 naga warriors
  3 vault guards (D:14)
  7 hydras
  A centaur warrior (D:14)
  10 anacondas
  4 merfolk aquamancers
  11 two-headed ogres
  A satyr (Shoals:4)
  A thrashing horror (Abyss:2)
  2 dancing weapons (Elf:1)
  Urug (D:13)
  6 death yaks
  An orc high priest (Elf:1)
  A naga sharpshooter (Snake:4)
  6 deep elf knights (Elf:1)
  7 shock serpents
  A wretched star (Abyss:2)
  A shadow wraith (Abyss:2)
  5 sea snakes
  3 unseen horrors
  A spatial maelstrom (Abyss:2)
  2 deep elf archers (Elf:1)
  9 harpies
  An ironbrand convoker (Vaults:1)
  A wolf spider (D:13)
  3 large abominations (Abyss:2)
  6 orc knights
  18 deep elf magi
  2 wolf spider zombies (D:15)
  3 ugly things
  4 cyclopes
  A shining eye (Gauntlet)
  2 salamanders
  5 mana vipers
  3 fauns
  7 elephants
  10 manticores
  A guardian serpent (Lair:2)
  15 naga magi
  3 water nymphs
  12 black mambas
  2 smoke demons (Abyss:2)
  An orange demon (Abyss:2)
  4 spiny frogs
  2 freezing wraiths
  2 rime drakes (Lair:3)
  A tormentor (Abyss:2)
  A redback zombie (D:15)
  2 efreet (Abyss:2)
  2 kobold demonologists
  A komodo dragon (shapeshifter) (D:14)
  A meliai (shapeshifter) (D:15)
  18 merfolk
  A komodo dragon (D:13)
  2 hornets
  3 trolls
  A meliai (D:12)
  2 slime creatures (D:12)
  3 wind drakes
  A dream sheep (shapeshifter) (Gauntlet)
  4 raiju (Abyss:2)
  6 snapping turtles
  5 blink frogs
  7 hippogriffs
  A vampire (D:14)
  5 wraiths
  2 ynoxinuls (Abyss:2)
  5 shadows
  4 water elementals
  Eustachio (D:6)
  2 wyverns
  4 fire elementals
  6 yaks
  A neqoxec (Abyss:2)
  5 vampire mosquitoes
  3 hungry ghosts
  6 wargs
  18 nagas
  A spatial vortex (Abyss:2)
  2 hell hounds (D:13)
  4 porcupines
  Duvessa (D:5)
  A floating eye (Gauntlet)
  2 water moccasins
  2 ice beasts
  3 black bears
  18 orc warriors
  3 sky beasts
  An eye of draining (shapeshifter) (Gauntlet)
  2 necrophages
  An eye of draining (D:11)
  15 ogres
  A phantom (D:5)
  A wolf (Lair:1)
  17 centaurs
  A centaur (shapeshifter) (Gauntlet)
  4 crocodiles
  2 big kobolds
  13 bullfrogs
  2 gnoll sergeants
  2 earth elementals (Elf:1)
  A wyvern skeleton (D:12)
  6 scorpions
  Dowan (D:5)
  A blink frog simulacrum (Lair:3)
  9 wights
  A killer bee (D:8)
  3 small abominations (Abyss:2)
  2 electric eels (D:6)
  6 howler monkeys
  3 centaur zombies
  2 crimson imps
  3 quasits
  2 bullfrog zombies
  3 orc priests
  3 centaur skeletons
  2 hounds
  2 jellies
  3 bullfrog skeletons
  Terence (D:3)
  Ijyb (D:4)
  Natasha (D:3)
  2 iguanas
  5 merfolk sirens
  11 orc wizards
  9 worker ants
  5 merfolk avatars
  2 hound zombies (D:5)
  A howler monkey zombie (D:6)
  17 adders
  10 gnolls
  A howler monkey skeleton (D:7)
  4 shadow imps
  An ooze (D:2)
  2 adder skeletons
  An adder zombie (Ossuary)
  3 worms
  6 dart slugs
  4 leopard geckos
  18 orcs
  14 giant cockroaches
  7 goblins
  8 hobgoblins
  A jackal (D:6)
  25 kobolds
  4 quokkas
  6 ball pythons
  7 bats
  12 frilled lizards
  2 hobgoblin zombies (Ossuary)
  4 kobold zombies (Ossuary)
  A leopard gecko skeleton (D:6)
  2 orc skeletons (Ossuary)
  An orc zombie (Ossuary)
  A quokka skeleton (D:5)
  34 rats
  3 fungi
  10 plants
755 creatures vanquished.

Vanquished Creatures (collateral kills)
  Frances (D:13)
  Donald (Snake:2)
  4 nagarajas
  A stone giant (Orc:1)
  A dire elephant (Lair:6)
  An ettin (Orc:2)
  3 merfolk javelineers (Shoals:4)
  4 merfolk impalers
  Josephine (Lair:4)
  A fire dragon (Lair:1)
  A vault guard (D:14)
  A hydra (Lair:6)
  Erolcha (Orc:2)
  Harold (Lair:1)
  10 naga warriors
  A centaur warrior (D:13)
  3 merfolk aquamancers (Shoals:4)
  An alligator snapping turtle (Shoals:3)
  A catoblepas (Shoals:2)
  2 ogre magi
  A two-headed ogre (D:11)
  A death knight (Vaults:1)
  2 merfolk avatars (Shoals:2)
  10 anacondas
  2 death yaks
  A tengu warrior (D:11)
  7 naga sharpshooters
  The ghost of Naannir the Covert, a journeyman SpAs of Dithmenos (Lair:3)
  Sonja (D:13)
  3 shock serpents (Snake:4)
  A deep elf knight (D:14)
  A salamander mystic (Snake:3)
  2 skeletal warriors (Vaults:1)
  7 sea snakes
  2 deep elf archers
  7 naga ritualists
  A phantasmal warrior (D:13)
  5 orc knights
  2 oklob plants
  3 harpies
  6 mana vipers
  4 ugly things (D:14)
  2 cyclopes
  4 fauns
  4 manticores
  8 salamanders
  14 black mambas
  10 elephants
  2 merfolk sirens (Shoals:4)
  3 centaur skeletons
  A water nymph (Shoals:4)
  16 naga magi
  3 guardian serpents
  5 spiny frogs
  2 rime drakes
  2 gargoyles
  2 komodo dragons
  A yaktaur (Vaults:1)
  13 merfolk
  A tengu conjurer (D:11)
  2 trolls
  A troll (shapeshifter) (D:13)
  5 wind drakes
  2 hornets
  10 blink frogs
  7 hippogriffs
  4 snapping turtles
  A shadow (D:11)
  3 water elementals
  2 wyverns (D:11)
  5 vampire mosquitoes
  2 basilisks
  12 yaks
  A hog (Shoals:1)
  5 wraiths
  A fire elemental (D:13)
  A human (shapeshifter) (D:14)
  2 hungry ghosts
  Grum (Lair:1)
  34 nagas
  2 soldier ants
  3 wargs
  3 porcupines
  7 water moccasins
  4 ice beasts
  11 orc warriors
  2 sky beasts
  2 hornet zombies
  2 ogres
  An eye of draining (D:9)
  2 wolves (Lair:1)
  A black mamba simulacrum (Lair:3)
  5 centaurs
  5 crocodiles
  8 bullfrogs
  A spiny frog simulacrum (Lair:3)
  A water moccasin zombie (D:9)
  3 scorpions
  A blink frog simulacrum (Lair:3)
  An elephant simulacrum (Lair:3)
  An electric eel (D:6)
  7 wights
  5 howler monkeys
  2 crimson imps
  4 centaur zombies
  A quasit (D:11)
  3 jellies
  2 bullfrog zombies
  2 hounds
  12 orc wizards
  4 orc priests
  A bullfrog skeleton (D:9)
  An iguana (D:8)
  3 worker ants
  A yak simulacrum (Lair:3)
  A howler monkey skeleton (D:8)
  4 adders
  A gnoll (D:7)
  4 shadow imps
  13 orcs
  A goblin (Bailey)
  A ball python (D:7)
  A kobold (D:12)
  3 bushes
  A fire vortex (Lair:1)
  20 fungi
  65 plants
  A tentacle (Shoals:2)
534 creatures vanquished.

Vanquished Creatures (others)
  An orc warlord (Snake:4)
  Polyphemus (Shoals:2)
  A merfolk javelineer (Shoals:4)
  14 orc knights
  4 orc sorcerers
  A fire elemental (D:13)
  A hell hound (D:13)
  29 orc warriors
  A sky beast (D:10)
  A centaur (D:14)
  A crocodile (D:14)
  14 orc priests
  13 orc wizards
  90 orcs
  A frilled lizard (D:4)
  2 kobolds (Bailey)
  10 fungi
  15 plants
  14 tentacles (Shoals:2)
  21 withered plants (Gauntlet)
235 creatures vanquished.

Grand Total: 1524 creatures vanquished

Notes
Turn   | Place    | Note
-------+----------+-------------------------------------------
     0 | D:1      | tilp the Hill Orc Monk began the quest for the Orb.
     0 | D:1      | Reached XP level 1. HP: 19/19 MP: 1/1
   126 | D:1      | Reached XP level 2. HP: 24/27 MP: 2/2
  1047 | D:1      | Reached XP level 3. HP: 32/33 MP: 3/3
  1183 | D:2      | Reached skill level 5 in Axes
  1302 | D:2      | Found a hazy altar of Hepliaklqana.
  1302 | D:2      | Found a shadowy altar of Dithmenos.
  1454 | D:2      | Found a basalt altar of Yredelemnul.
  1458 | D:2      | Found an iron altar of Okawaru.
  1519 | D:2      | Reached XP level 4. HP: 36/40 MP: 4/4
  1638 | D:2      | Found a stormy altar of Qazlal.
  1796 | D:3      | Found a large runed translucent door.
  1797 | D:3      | Found a large runed translucent door.
  2052 | D:3      | Found a snail-covered altar of Cheibriados.
  2069 | D:3      | Noticed Natasha
  2080 | D:3      | Reached XP level 5. HP: 39/47 MP: 5/5
  2096 | D:3      | Killed Natasha
  2951 | D:3      | Noticed Terence
  3004 | D:3      | Killed Terence
  3004 | D:3      | Reached skill level 5 in Fighting
  3004 | D:3      | Reached XP level 6. HP: 20/56 MP: 6/6
  3639 | D:3      | Noticed EtherCrawl's ghost (amateur SpBe)
  3653 | D:4      | Became a worshipper of Beogh the Brigand
  3653 | D:4      | Reached * piety under Beogh
  3653 | D:4      | Reached ** piety under Beogh
  3669 | D:4      | Found a hide-covered altar of Uskayaw.
  3744 | D:4      | Found a glowing drain.
  3798 | Sewer    | Entered a sewer
  4676 | D:4      | Reached XP level 7. HP: 18/61 MP: 7/7
  5058 | D:4      | Reached *** piety under Beogh
  5066 | D:4      | Noticed Ijyb
  5092 | D:4      | Killed Ijyb
  5589 | D:5      | Entered Level 5 of the Dungeon
  6533 | D:5      | Reached XP level 8. HP: 68/70 MP: 8/8
  6537 | D:5      | Found a bloodstained altar of Trog.
  6566 | D:5      | Reached skill level 10 in Axes
  6640 | D:5      | Noticed Duvessa
  6718 | D:5      | Noticed Dowan
  6941 | D:5      | Killed Dowan
  7482 | D:5      | Killed Duvessa
  8036 | D:6      | Found an opulent altar of Gozag.
  8093 | D:6      | Reached skill level 1 in Invocations
  8501 | D:6      | Found a staircase to the Ecumenical Temple.
  9050 | D:6      | Noticed Eustachio
  9122 | D:6      | Killed Eustachio
  9122 | D:6      | Reached XP level 9. HP: 39/75 MP: 11/11
  9359 | D:6      | Found the +7 lajatang of Order {silver, rMut}
  9613 | D:6      | Reached **** piety under Beogh
  9631 | D:6      | HP: 3/75 [ogre/cursed +0 giant club (14)]
 10105 | D:6      | Found a glowing silver altar of Zin.
 10105 | D:6      | Found a glowing golden altar of the Shining One.
 10106 | D:6      | Found a white marble altar of Elyvilon.
 10207 | D:7      | Found a sand-covered staircase.
 10211 | Ossuary  | Entered an ossuary
 10349 | Ossuary  | Gained Ortolf as an ally
 10559 | Ossuary  | Reached skill level 1 in Evocations
 10921 | D:7      | Reached skill level 5 in Invocations
 11051 | D:7      | Found a sparkling altar of Nemelex Xobeh.
 12179 | D:8      | Reached XP level 10. HP: 70/83 MP: 14/14
 12189 | D:8      | Reached ***** piety under Beogh
 12617 | D:8      | Noticed a two-headed ogre
 12634 | D:8      | Killed a two-headed ogre
 12634 | D:8      | Reached skill level 5 in Armour
 13605 | D:9      | Paralysed by a hornet for 1 turns
 14106 | D:9      | Gained Brunolf as an ally
 14163 | D:9      | Found a staircase to the Lair.
 14172 | D:9      | Gained Ortolf as an ally
 14346 | D:9      | Reached skill level 5 in Dodging
 14422 | D:9      | Found a burning altar of Makhleb.
 14632 | D:9      | Reached XP level 11. HP: 92/93 MP: 17/17
 15028 | D:10     | Entered Level 10 of the Dungeon
 15287 | D:10     | Found a staircase to the Orcish Mines.
 15296 | D:10     | Found a roughly hewn altar of Beogh.
 15453 | D:10     | Your ally Ortolf died
 15482 | D:10     | Noticed a two-headed ogre
 15491 | D:10     | Killed a two-headed ogre
 15492 | D:10     | Killed a manticore
 15495 | D:10     | Got a jewelled cloak
 15496 | D:10     | Identified the +1 cloak of Going Fast {Dex+4} (You found it
                  | on level 10 of the Dungeon)
 15730 | D:10     | Noticed a cyclops
 15739 | D:10     | Killed a cyclops
 16439 | D:10     | Found Zuumpos's Distillery.
 16831 | D:11     | Paralysed by a hornet for 3 turns
 16849 | D:11     | Reached skill level 10 in Invocations
 17212 | D:11     | Noticed a tengu warrior
 17224 | D:11     | Killed a tengu warrior
 17232 | D:11     | Reached skill level 10 in Fighting
 17493 | D:11     | Noticed a two-headed ogre
 17504 | D:11     | Killed a two-headed ogre
 17643 | D:11     | Gained Nordag as an ally
 17678 | D:11     | Noticed a two-headed ogre
 17686 | D:11     | Killed a two-headed ogre
 17687 | D:11     | Reached ****** piety under Beogh
 17713 | D:11     | Noticed an unseen horror
 17718 | D:11     | Killed an unseen horror
 17861 | D:11     | Reached skill level 5 in Shields
 18487 | Lair:1   | Entered Level 1 of the Lair of Beasts
 18487 | Lair:1   | Noticed Grum
 18489 | Lair:1   | Killed Grum
 18490 | Lair:1   | Reached XP level 12. HP: 97/106 MP: 17/19
 18494 | Lair:1   | Your ally Nordag died
 18632 | Lair:1   | Noticed Harold
 18640 | Lair:1   | Killed Harold
 19168 | Lair:1   | Noticed a fire dragon
 19172 | Lair:1   | Your ally Ortolf died
 19174 | Lair:1   | Killed a fire dragon
 19174 | Lair:1   | Reached skill level 5 in Evocations
 19203 | Lair:1   | Got a smoking plate armour
 19235 | Lair:1   | Identified the +2 plate armour "Likhlu" {+Fly Str+2 Int-5}
                  | (You found it on level 1 of the Lair of Beasts)
 19515 | Lair:2   | Noticed a four-headed hydra
 19519 | Lair:2   | Killed a four-headed hydra
 19567 | Lair:2   | Gained Zorug as an ally
 19614 | Lair:2   | Found a staircase to the Snake Pit.
 19617 | Lair:2   | Reached skill level 15 in Axes
 20148 | Lair:2   | Noticed a five-headed hydra
 20151 | Lair:2   | Killed a five-headed hydra
 20789 | Lair:3   | Noticed a six-headed hydra
 20794 | Lair:3   | Killed a six-headed hydra
 21025 | Lair:3   | Found a runed translucent gate.
 21025 | Lair:3   | Found a runed translucent gate.
 21025 | Lair:3   | Found a runed translucent gate.
 21040 | Lair:3   | Gained Blodwig as an ally
 21040 | Lair:3   | Reached XP level 13. HP: 78/113 MP: 20/20
 21177 | Lair:3   | Found a sparkling altar of Nemelex Xobeh.
 21628 | Lair:3   | Noticed Naannir's ghost (journeyman SpAs)
 22033 | Lair:4   | Found a staircase to the Shoals.
 22062 | Lair:4   | Identified the +4 pair of gloves of the Crushed Wishes
                  | {rElec rN+ rCorr} (You found it on level 4 of the Lair of
                  | Beasts)
 22081 | Lair:4   | Gained Thorok as an ally
 22213 | Lair:4   | Noticed Josephine
 22221 | Lair:4   | Killed Josephine
 22436 | Lair:4   | Your ally Blodwig died
 22873 | Lair:5   | Upgraded the game from 0.25-a0-598-gc9c9e4cfe1 to
                  | 0.25-a0-610-gd0df705f03
 22937 | Lair:5   | Found a gate leading to a gauntlet.
 22982 | Gauntlet | Entered a Gauntlet
 22982 | Gauntlet | Found a transporter.
 22982 | Gauntlet | Found a transporter.
 23084 | Gauntlet | Found a transporter.
 23087 | Gauntlet | Found a transporter.
 23087 | Gauntlet | Found a transporter.
 23101 | Gauntlet | Found a transporter.
 23103 | Gauntlet | Found a transporter.
 23113 | Gauntlet | Found a transporter.
 23199 | Gauntlet | Found a transporter.
 23217 | Gauntlet | Found a transporter.
 23217 | Gauntlet | Found a transporter.
 23227 | Gauntlet | Found a transporter.
 23341 | Gauntlet | Paralysed by a floating eye for 2 turns
 23347 | Gauntlet | Got a wavering amber ring
 23350 | Gauntlet | Paralysed by a floating eye for 3 turns
 23353 | Gauntlet | Gained mutation: You tend to lose your temper in combat. [a
                  | shining eye]
 23387 | Gauntlet | Got a pitted steel ring
 23391 | Gauntlet | Identified the ring "Zapnywau" {MR+ Stlth+} (You found it
                  | in a Gauntlet)
 23392 | Gauntlet | Identified the ring "Fiaxke" {+Inv rPois rF+++ rC+ Dex-4}
                  | (You found it in a Gauntlet)
 23421 | Gauntlet | Got a transparent iron amulet
 23422 | Gauntlet | Identified the amulet "Ciunum" {Reflect rPois Int+5 Dex-2
                  | SH+4} (You found it in a Gauntlet)
 23439 | Gauntlet | Identified the +7 flail of the Iron City of Dis {protect,
                  | Int+2 Stlth+}
 23439 | Gauntlet | Noticed a minotaur
 23450 | Gauntlet | Killed a minotaur
 23460 | Gauntlet | Identified the Papyrus of Doomed Augmentations
 23466 | Lair:5   | Lost mutation: You tend to lose your temper in combat.
                  | [potion of mutation]
 23466 | Lair:5   | Gained mutation: You are frail. (-10% HP) [potion of
                  | mutation]
 23466 | Lair:5   | Gained mutation: You possess an exceptional clarity of
                  | mind. [potion of mutation]
 23467 | Lair:5   | Lost mutation: You possess an exceptional clarity of mind.
                  | [potion of mutation]
 23467 | Lair:5   | Lost mutation: You are frail. (-10% HP) [potion of
                  | mutation]
 23467 | Lair:5   | Gained mutation: You are clumsy. (Dex -2) [potion of
                  | mutation]
 23467 | Lair:5   | Gained mutation: You possess an exceptional clarity of
                  | mind. [potion of mutation]
 23467 | Lair:5   | Lost mutation: You possess an exceptional clarity of mind.
                  | [potion of mutation]
 23467 | Lair:5   | Lost mutation: You are clumsy. (Dex -2) [potion of
                  | mutation]
 23735 | Lair:5   | Identified the +1 leather armour of Instinct {Regen+ Int+3
                  | Dex+3} (You found it on level 5 of the Lair of Beasts)
 23740 | Lair:5   | Identified a scroll of acquirement
 24016 | Lair:6   | Entered Level 6 of the Lair of Beasts
 24061 | Lair:6   | Found a viscous altar of Jiyva.
 24061 | Lair:6   | Found a staircase to the Slime Pits.
 25003 | Lair:6   | Noticed a dire elephant
 25003 | Lair:6   | Noticed a dire elephant
 25009 | Lair:6   | Killed a dire elephant
 25009 | Lair:6   | Reached XP level 14. HP: 89/122 MP: 21/21
 25024 | Lair:6   | Killed a dire elephant
 25383 | Lair:6   | Identified the cursed +1 hunting sling of the Harvest
                  | {vorpal, rF+ rC- Str+4} (You found it on level 6 of the
                  | Lair of Beasts)
 25674 | D:12     | Paralysed by a hornet for 3 turns
 25712 | D:12     | Gained Margrim as an ally
 25723 | D:12     | Found a flagged portal.
 25974 | Bailey   | Entered a bailey
 25979 | Bailey   | Noticed an orc warlord
 26062 | Bailey   | Found a runed translucent gate.
 26064 | Bailey   | Found a runed translucent gate.
 26066 | Bailey   | Found a runed translucent gate.
 26154 | Bailey   | Killed an orc warlord
 26168 | Bailey   | Identified the ring "Otoagut" {MR+ Str+4} (You acquired it
                  | in a bailey)
 26181 | Bailey   | Reached XP level 15. HP: 128/139 MP: 22/22
 26333 | D:12     | Your ally Margrim died
 27216 | D:13     | Noticed Urug
 27224 | D:13     | Killed Urug
 27224 | D:13     | Reached skill level 15 in Fighting
 27270 | D:13     | Noticed Jorgrun
 27275 | D:13     | Killed Jorgrun
 27463 | D:13     | Noticed Sonja
 27469 | D:13     | Killed Sonja
 27477 | D:13     | Noticed Frances
 27487 | D:13     | Killed Frances
 27531 | D:13     | Identified the cursed +2 broad axe of Dismemberment {drain,
                  | rN+ SInv} (You found it on level 13 of the Dungeon)
 27550 | D:13     | Noticed Rotter5's ghost (journeyman MfIE)
 27552 | D:13     | Identified the cursed +1 double sword of Reinforcement
                  | {speed, rC++}
 27584 | D:13     | Found a bloodstained altar of Trog.
 27588 | D:13     | Found a transporter.
 27590 | D:13     | Identified the +9 battleaxe of the Slime-mould {drain,
                  | *Noise +Inv Str+4}
 27602 | D:13     | Found a transporter.
 27639 | D:13     | Identified the +5 broad axe "Gafetes" {flame, Dex+4} (You
                  | acquired it on level 13 of the Dungeon)
 27811 | D:13     | Found an ornate altar of the Wu Jian Council.
 27811 | D:13     | Noticed Azrael
 27813 | D:13     | Found a hide-covered altar of Uskayaw.
 27860 | D:13     | Killed Azrael
 28401 | D:14     | Reached XP level 16. HP: 137/149 MP: 26/26
 28590 | D:14     | Gained Bogrim as an ally
 28796 | D:14     | Reached skill level 15 in Invocations
 28807 | D:14     | Found a gate to the Vaults.
 29230 | D:15     | Entered Level 15 of the Dungeon
 29379 | D:15     | Found a staircase to the Depths.
 29430 | D:15     | Found a stormy altar of Qazlal.
 29534 | D:15     | Reached skill level 10 in Shields
 30120 | Snake:1  | Entered Level 1 of the Snake Pit
 30191 | Snake:1  | Noticed a nagaraja
 30199 | Snake:1  | Killed a nagaraja
 30403 | Snake:1  | Found Foxugg's Jewellery Shoppe.
 30405 | Snake:1  | Found Her Mearr's Gadget Shop.
 30407 | Snake:1  | Found Liov's Jewellery Shoppe.
 30500 | Snake:1  | Identified the +1 cloak of Polytheism {Int+3 SInv} (You
                  | found it on level 1 of the Snake Pit)
 30643 | Snake:1  | Found Cigik's Antique Armour Shop.
 30721 | Snake:1  | Identified the Papyrus of Hexes
 31020 | Snake:2  | Found Kull's Food Boutique.
 31035 | Snake:2  | Found Acun's Armour Shop.
 31176 | Snake:2  | Your ally Ortolf died
 31605 | Snake:2  | Found Huaxt's Magic Scroll Boutique.
 31630 | Snake:2  | Bought a scroll of blinking for 142 gold pieces
 31630 | Snake:2  | Bought a scroll of teleportation for 57 gold pieces
 31630 | Snake:2  | Bought a scroll of enchant weapon for 142 gold pieces
 31911 | Snake:2  | Noticed Donald
 31918 | Snake:2  | Killed Donald
 31926 | Snake:2  | Noticed a nagaraja
 31940 | Snake:2  | Killed a nagaraja
 31941 | Snake:2  | Reached XP level 17. HP: 62/156 MP: 28/28
 33133 | Snake:3  | Reached skill level 15 in Shields
 33585 | Snake:4  | Entered Level 4 of the Snake Pit
 34431 | Snake:4  | Your ally Thorok died
 34438 | Snake:4  | Your ally Zorug died
 35462 | Snake:4  | Got a serpentine rune of Zot
 35868 | Orc:1    | Entered Level 1 of the Orcish Mines
 36041 | Orc:2    | Entered Level 2 of the Orcish Mines
 36043 | Orc:2    | Found Xagrexou's Book Emporium.
 36058 | Orc:2    | Found Ywnokoegu's Armour Shop.
 36060 | Orc:2    | Found Unesaus's Book Shop.
 36069 | Orc:2    | Killed Erolcha
 36078 | Orc:2    | Found Koenn's Food Shop.
 36080 | Orc:2    | Bought a +0 kite shield of cold resistance for 172 gold
                  | pieces
 36143 | Orc:2    | Found Gehusoimu's Magic Scroll Shop.
 36161 | Orc:2    | Bought a scroll of teleportation for 42 gold pieces
 36161 | Orc:2    | Bought a scroll of identify for 28 gold pieces
 36161 | Orc:2    | Bought a scroll of identify for 28 gold pieces
 36161 | Orc:2    | Bought a scroll of identify for 28 gold pieces
 36171 | Orc:2    | Found a staircase to the Elven Halls.
 36577 | Orc:2    | Found Hysipuox's Antique Weapon Emporium.
 36600 | Orc:2    | Found Jolalonk's Gadget Shop.
 36630 | Orc:2    | Gained Ogrik as an ally
 36728 | Orc:2    | Found a roughly hewn altar of Beogh.
 36744 | Orc:2    | Found Zicrop's Antique Armour Emporium.
 36752 | Orc:2    | Gained Gorg as an ally
 36763 | Orc:2    | Bought a crystal plate armour for 2400 gold pieces
 36778 | Orc:2    | Found Teiwk's Weapon Shop.
 36976 | Orc:1    | Found a roughly hewn altar of Beogh.
 37633 | Lair:3   | Reached XP level 18. HP: 164/167 MP: 30/30
 37643 | Lair:3   | Killed Naannir's ghost
 37647 | Lair:3   | Your ally Gorg died
 37754 | Shoals:1 | Entered Level 1 of the Shoals
 38127 | Shoals:1 | Noticed Kirke
 38132 | Shoals:1 | Killed Kirke
 38139 | Shoals:1 | Gained Orgrim as an ally
 38190 | Shoals:1 | Noticed Louise
 38198 | Shoals:1 | Killed Louise
 38264 | Shoals:1 | Found a bloodstained altar of Trog.
 38614 | Shoals:2 | Reached skill level 10 in Armour
 39244 | Shoals:2 | Noticed Polyphemus
 39249 | Shoals:2 | Killed Polyphemus
 39357 | Shoals:3 | Found Kamoch's Antique Weapon Shop.
 40061 | Shoals:4 | Entered Level 4 of the Shoals
 40402 | Shoals:4 | Your ally Orgrim died
 40506 | Shoals:4 | Got a barnacled rune of Zot
 40906 | Shoals:4 | Reached XP level 19. HP: 175/180 MP: 32/32
 41239 | Shoals:4 | Identified the Almanac of Protection and Stones
 41650 | Elf:1    | Entered Level 1 of the Elven Halls
 41674 | Elf:1    | Noticed a Tzitzimitl
 42107 | Elf:1    | Identified the Compendium of Creation
 42118 | Elf:1    | Found a huge runed gate.
 42375 | Elf:1    | Found a huge runed gate.
 42376 | Elf:1    | Found a huge runed gate.
 42377 | Elf:1    | Found a huge runed gate.
 42378 | Elf:1    | Found a huge runed gate.
 42379 | Elf:1    | Found a huge runed gate.
 42379 | Elf:1    | Found a huge runed gate.
 42380 | Elf:1    | Found a huge runed gate.
 42381 | Elf:1    | Found a huge runed gate.
 42382 | Elf:1    | Found a huge runed gate.
 42383 | Elf:1    | Found a huge runed gate.
 42395 | Elf:1    | Found a huge runed gate.
 42395 | Elf:1    | Found a huge runed gate.
 42395 | Elf:1    | Found a huge runed gate.
 42395 | Elf:1    | Found a huge runed gate.
 42395 | Elf:1    | Found a huge runed gate.
 42396 | Elf:1    | Found a huge runed gate.
 42396 | Elf:1    | Found a huge runed gate.
 42397 | Elf:1    | Found a huge runed gate.
 42745 | Elf:1    | Found a huge runed gate.
 42745 | Elf:1    | Found a huge runed gate.
 42745 | Elf:1    | Found a huge runed gate.
 42748 | Elf:1    | Found a huge runed gate.
 42748 | Elf:1    | Found a huge runed gate.
 42749 | Elf:1    | Found a huge runed gate.
 43107 | Vaults:1 | Entered Level 1 of the Vaults
 43141 | Vaults:1 | Found a blossoming altar of Fedhas.
 43224 | Vaults:1 | Cast into level 2 of the Abyss (a wizard)
 43326 | Abyss:2  | Identified the ring "Okekor" {+Fly Int+3}
 43447 | Abyss:2  | Noticed a bone dragon
 43610 | Abyss:2  | Noticed a bone dragon
 43637 | Abyss:2  | Killed a bone dragon
 43904 | Vaults:1 | Escaped the Abyss
 43906 | Vaults:1 | Killed from afar by a wizard

Levels and vault maps discovered:
D:1:      dpeg_arrival_round_c, layout_loops_corners, minmay_misc_feat_cross
D:2:      layout_loops_ring, gammafunk_temple_overflow_wave,
          lemuel_doored_altar, grunt_temple_overflow_open, first_ration
D:3:      layout_loops_corners, kennysheep_slug_shrine,
          ebering_ghost_disaster_area, minmay_quadrilaterals, uniq_terence,
          uniq_natasha
D:4:      layout_loops_ring, lemuel_crystal_altar, cheibrodos_sewer_entry_bend,
          lemuel_old_faithful, uniq_ijyb
D:5:      layout_layer_cave, trog_three_pillars_becter, uniq_duvessa
D:6:      kennysheep_big_flooded_room, layout_basic, good_gods_temple_1,
          grunt_gozag_breadcrumbs, minmay_temple_entry_mini_moons,
          minmay_joined_circles, uniq_eustachio
D:7:      layout_gridville, enter_ossuary_5, grunt_ogre_cave,
          nemelex_diamond_rough_becter
D:8:      kennysheep_ambush_hall, layout_cave_pools, kennysheep_generic_room_15
D:9:      layout_gridville, kennysheep_mini_moat, david_lair_generic, hex_large
D:10:     minmay_the_grid_square_5x5_3x3 [minmay_the_grid_square_5x5_plus,
          minmay_the_grid_square_5x5_minivault,
          minmay_the_grid_square_5x5_two_small, minmay_the_grid_square_5x5_mess,
          minmay_the_grid_square_5x5_megaprize_hollow,
          minmay_the_grid_square_5x5_hollow_slash,
          minmay_the_grid_square_5x5_broken_cross,
          minmay_the_grid_square_5x5_inverted_slash,
          minmay_the_grid_square_5x5_tri_point], layout_stronghold,
          minmay_orc_entry_temple_small, serial_shops, nicolae_shop_crystal
D:11:     layout_roguey
D:12:     layout_rooms, enter_bailey_1, st_stairs_12, minivault_27,
          amethyst_killhole, grunt_tough_drop
D:13:     layout_big_octagon, gammafunk_ghost_wrathful_warriors,
          jmf_multi_god_temple, uniq_sonja, uniq_urug, uniq_azrael,
          uniq_frances, uniq_jorgrun
D:14:     layout_roguey, grunt_vaults_entry_fortified, hangedman_decor_points,
          minmay_orc_keep
D:15:     grunt_enter_depths_giant_problem, layout_loops_corners,
          lemuel_altar_in_water
Lair:1:   dragon1_lemuel, layout_concentric_octagons, serial_bayou_pond_d,
          beast_lair_carwin_4, grunt_megastairs_5, uniq_harold, uniq_grum
Lair:2:   layout_loops_ring, minmay_snake_entry_spellcaster,
          chequers_serial_rivers_micro_a, grunt_megastairs_3,
          minmay_lair_oklob_chamber
Lair:3:   layout_regular_city, basic_altar, gammafunk_ghost_icy
Lair:4:   layout_hall_layers, elwin_shoals_entry_rooms, uniq_josephine
Lair:5:   layout_hall_layers, gauntlet_entry_generic, minivault_23,
          wad_woods_road_04
Lair:6:   due_jungle_book, layout_regular_city, slime_altar_1,
          grunt_megastairs_2
Shoals:1: layout_shoals, lemuel_oklob_altar, uniq_kirke, uniq_louise
Shoals:2: layout_shoals, uniq_polyphemus
Shoals:3: layout_shoals, serial_shops, shop
Shoals:4: shoals_end_simple, layout_shoals
Snake:1:  layout_grid_shapes, serial_shops, nicolae_shop_window_shopping,
          minmay_shop_grove
Snake:2:  layout_rooms, serial_shops, shop, hangedman_snake_sidewinding,
          minmay_shoptagon, lemuel_fruit_tree, uniq_donald
Snake:3:  layout_grid_maze, st_stairs_8
Snake:4:  snake_pit, layout_gridlike
Orc:1:    layout_diamond_mine, basic_altar
Orc:2:    st_orc_town, layout_caves, serial_shops, shop, shop, shop,
          nicolae_shop_crystal, nicolae_shop_waterfront, uniq_erolcha
Elf:1:    layout_gridlike, minmay_elf_demonology, door_vault
Vaults:1: vaults_room_ringed_pool, dpeg_vaults_monster_row, v_pattern_2,
          vaults_room_octagon, nicolae_vaults_theta, nicolae_vaults_asterisk,
          v_misc_2, hangedman_vaults_stretched_pinwheel, layout_vaults_omnigrid,
          basic_altar

Skill      XL: |  1  2  3  4  5  6  7  8  9 10 11 12 13 14 15 16 17 18 19 |
---------------+----------------------------------------------------------+-----
Fighting       | 4 5 6 7 10 14 15 16 18 19 | 19.8
Axes           | 5 6 7 9 12 14 16 20 | 20.0
Dodging        | 3 4 5 6 |  6.0
Invocations    | 3 6 8 10 14 15 16 18 20 | 20.0
Evocations     | 4 6 |  6.0
Armour         | 6 9 10 | 10.0
Shields        | 5 8 14 15 | 15.0
Stealth        | |  1.5

Action                   |  1- 3 |  4- 6 |  7- 9 | 10-12 | 13-15 | 16-18 | 19-21 || total
-------------------------+-------+-------+-------+-------+-------+-------+-------++-------
Melee: Hand axe          |   136 |   414 |   642 |   597 |       |       |       ||  1789
       Battleaxe         |       |       |       |    55 |   371 |       |       ||   426
       Broad axe         |       |       |       |       |    78 |   928 |   318 ||  1324
Throw: Dart              |       |    12 |    33 |     9 |       |     4 |       ||    58
Invok: Convert to Beogh  |       |     1 |       |       |       |       |       ||     1
       Give Item to Name |       |       |       |     5 |     1 |     3 |       ||     9
       Smiting           |       |       |       |    16 |    22 |    54 |     2 ||    94
       Recall Orcish Fol |       |       |       |     4 |     3 |    17 |     2 ||    26
       Resurrection      |       |       |       |     1 |       |       |       ||     1
Evoke: Wand              |       |       |     8 |     7 |     1 |       |       ||    16
  Use: Scroll            |     1 |    10 |    10 |    10 |    19 |    10 |     6 ||    66
       Potion            |       |       |     4 |     2 |     8 |     2 |     1 ||    17
 Stab: Sleeping          |     1 |       |       |       |       |       |       ||     1
       Distracted        |       |       |     3 |     4 |     9 |    10 |       ||    26
       Paralysed         |       |       |       |       |     1 |       |       ||     1
  Eat: Chunk             |     2 |    20 |    17 |    21 |    20 |    36 |     3 ||   119
       Ration            |       |       |       |     2 |     2 |     1 |     2 ||     7
Armor: Robe              |     7 |       |       |       |       |       |       ||     7
       Chain mail        |    82 |   122 |   240 |   190 |       |       |       ||   634
       Plate armour      |       |   104 |       |    37 |    37 |   213 |       ||   391
       Pearl dragon scal |       |       |       |       |   182 |    11 |       ||   193
       Crystal plate arm |       |       |       |       |       |   186 |   121 ||   307
Dodge: Dodged            |    48 |   103 |   190 |   310 |   204 |   190 |    43 ||  1088
Block: Kite shield       |       |       |       |    74 |    65 |   786 |   177 ||  1102
       Other             |       |       |       |       |    44 |       |       ||    44
       Reflection        |       |       |       |       |    19 |    95 |    15 ||   129

Table legend:
 A = Non-vault XP
 B = Vault XP
 C = Vault XP percentage of total XP
 D = Non-vault monster count
 E = Vault monster count
 F = Vault count percentage of total count
                 A         B        C        D         E       F
            +---------+---------+-------+---------+---------+-------
      Total |  213804 |  118874 |  35.7 |     821 |     367 |  30.9
            +---------+---------+-------+---------+---------+-------
        D:1 |      34 |       0 |   0.0 |      22 |       0 |   0.0
        D:2 |      64 |       0 |   0.0 |      18 |       0 |   0.0
        D:3 |     204 |      86 |  29.7 |      34 |       8 |  19.0
        D:4 |     577 |      46 |   7.4 |      21 |       3 |  12.5
        D:5 |     384 |     209 |  35.2 |      14 |       2 |  12.5
        D:6 |     527 |     976 |  64.9 |      15 |      12 |  44.4
        D:7 |     659 |     113 |  14.6 |      23 |       1 |   4.2
        D:8 |    1521 |     259 |  14.6 |      17 |       6 |  26.1
        D:9 |    2693 |     513 |  16.0 |      35 |       4 |  10.3
       D:10 |    2930 |    1281 |  30.4 |      31 |      14 |  31.1
       D:11 |    4438 |       0 |   0.0 |      26 |       0 |   0.0
       D:12 |    7324 |    1891 |  20.5 |      42 |       7 |  14.3
       D:13 |    7200 |   10194 |  58.6 |      37 |      16 |  30.2
       D:14 |   11412 |    6840 |  37.5 |      45 |      13 |  22.4
       D:15 |    4948 |    1731 |  25.9 |      13 |       1 |   7.1
     Lair:1 |    2587 |    2179 |  45.7 |      15 |      10 |  40.0
     Lair:2 |    4302 |    1102 |  20.4 |      12 |       4 |  25.0
     Lair:3 |    4759 |    1638 |  25.6 |      23 |      10 |  30.3
     Lair:4 |    4534 |    1313 |  22.5 |      18 |       6 |  25.0
     Lair:5 |    4702 |       0 |   0.0 |      12 |       0 |   0.0
     Lair:6 |    5772 |    3085 |  34.8 |      14 |      10 |  41.7
   Shoals:1 |   10000 |    4126 |  29.2 |      28 |       4 |  12.5
   Shoals:2 |   16515 |    3913 |  19.2 |      35 |       4 |  10.3
   Shoals:3 |    8853 |       0 |   0.0 |      25 |       0 |   0.0
   Shoals:4 |    8027 |   22689 |  73.9 |      19 |      41 |  68.3
    Snake:1 |   13912 |       0 |   0.0 |      29 |       0 |   0.0
    Snake:2 |   12238 |   11316 |  48.0 |      31 |      22 |  41.5
    Snake:3 |   16195 |     825 |   4.8 |      46 |       2 |   4.2
    Snake:4 |   10702 |   23595 |  68.8 |      25 |      46 |  64.8
      Orc:1 |    1288 |       0 |   0.0 |       8 |       0 |   0.0
      Orc:2 |    3254 |    4611 |  58.6 |      18 |      24 |  57.1
      Elf:1 |   18732 |    3115 |  14.3 |      33 |       4 |  10.8
   Vaults:1 |    4625 |    4537 |  49.5 |       8 |       8 |  50.0
    Abyss:2 |   17892 |       0 |   0.0 |      29 |       0 |   0.0
      Sewer |       0 |     123 | 100.0 |       0 |      38 | 100.0
    Ossuary |       0 |     530 | 100.0 |       0 |      14 | 100.0
     Bailey |       0 |    2796 | 100.0 |       0 |      23 | 100.0
   Gauntlet |       0 |    3242 | 100.0 |       0 |      10 | 100.0
            +---------+---------+-------+---------+---------+-------
